 Dungeon Crawl Stone Soup version 0.22.0 (webtiles) character file.

415 Blackhawk the Shooter (level 6, 0/52 HPs)
             Began as a Centaur Hunter on Oct 30, 2018.
             Killed from afar by an orc wizard (1 damage)
             ... with a magic dart
             ... on level 4 of the Dungeon.
             The game lasted 00:09:13 (4251 turns).

Blackhawk the Shooter (Centaur Hunter)              Turns: 4251, Time: 00:09:13

Health: 0/52       AC: 10    Str: 14    XL:     6   Next: 60%
Magic:  6/6        EV: 10    Int: 10    God:
Gold:   255        SH:  0    Dex: 12    Spells: 5/5 levels left

rFire    x . .     SeeInvis .   s - +0 spear (curse)
rCold    + . .     Gourm    .   (no shield)
rNeg     . . .     Faith    +   u - +1 leather armour {rPois}
rPois    +         Spirit   .   x - +1 helmet
rElec    .         Reflect  .   w - +2 cloak {MR+}
rCorr    .         Harm     .   (no gloves)
MR       +....                  (no barding)
Stlth    +.........             o - amulet of faith
HPRegen  0.17/turn              e - ring of ice
MPRegen  0.10/turn              (no ring)

@: very quick
A: large, hooves 3, deformed body, speed 2, tough skin 3
a: no special abilities


You were on level 4 of the Dungeon.
You were not hungry.

You visited 1 branch of the dungeon, and saw 4 of its levels.

You collected 255 gold pieces.

Inventory:

Hand Weapons
 a - a +1 shortbow
 b - a +0 short sword
 s - a cursed +0 spear (weapon)
 y - a +0 short sword of electrocution
Missiles
 d - 52 arrows
Armour
 u - a +1 leather armour of poison resistance (worn)
 w - a +2 cloak of magic resistance (worn)
 x - a +1 helmet (worn)
Jewellery
 c - an uncursed ring of fire {unknown}
 e - a ring of ice (left hand)
 g - an uncursed ring of ice
 o - an amulet of faith (around neck)
Scrolls
 h - a scroll of teleportation
 j - a scroll of blinking
 n - 6 scrolls of identify
Potions
 i - 4 potions of curing {unknown}
 l - 2 potions of heal wounds {unknown}
 m - 2 potions of mutation {unknown}
 r - a potion of berserk rage {unknown}
 t - a potion of ambrosia {unknown}
 v - a potion of flight {unknown}
Comestibles
 f - 6 rations
 q - a chunk of flesh


   Skills:
 + Level 3.9 Fighting
 + Level 6.9 Bows
 + Level 2.9 Dodging
 + Level 2.2 Stealth


You had 5 spell levels left.
You didn't know any spells.
Your spell library was empty.

Dungeon Overview and Level Annotations

Branches:
Dungeon (4/15)
 Temple: D:4-7

Altars:
The Shining One


Innate Abilities, Weirdness & Mutations

You have hooves in place of feet.
Armour fits poorly on your strangely shaped body.
You cover ground very quickly.
You have extremely tough skin. (AC +3)


Message History

You are electrocuted!
You barely miss the orc wizard.
The orc priest shouts!
Your kick misses the orc wizard.
The orc wizard is heavily wounded.
The orc wizard hits you with a dagger of electrocution.
You are electrocuted!
* * * LOW HITPOINT WARNING * * *
You hit the orc wizard.
The orc wizard is almost dead.
The orc wizard barely misses you.
You hit the orc wizard but do no damage.
Your kick misses the orc wizard.
The orc wizard is almost dead.
The orc wizard gestures wildly while chanting.
The orc wizard flickers and vanishes!
Deactivating autopickup; reactivate with Ctrl-A.
A magic dart appears from out of thin air!
The magic dart hits you!
You die...

#............
#...........##########.#
#...........#........#.#
###.#'########.######.#.#
....#.# #####.#....#.#.#
#####.####...#.#.##.#.#.####
.........'......<..........#
##########...#.#..#.#.#.##.#.#.
.............†.)@..............
########......o...#.#.#.##...[
# #......{[....#.#.###.#### #
#..........###.#......... #
#####.###### #.######.### #
#.########.## .# #
#...(.......# .# #
#...........#####.## .
#....<......##.....#


You could see an orc priest.

Vanquished Creatures
  An ogre (D:4)
  A howler monkey (D:4)
  An orc wizard (D:3)
  Crazy Yiuf (D:2)
  A worker ant zombie (D:3)
  4 adders
  8 gnolls
  An ooze (D:1)
  4 worms
  A dart slug (D:1)
  4 leopard geckos
  10 orcs
  10 bats
  8 giant cockroaches
  9 hobgoblins
  4 jackals (D:3)
  4 kobolds
  A quokka (D:2)
  7 frilled lizards
  7 goblins
  7 rats
  A fungus (D:2)
95 creatures vanquished.

Notes
Turn   | Place    | Note
-------+----------+-------------------------------------------
     0 | D:1      | Blackhawk the Centaur Hunter began the quest for the Orb.
     0 | D:1      | Reached XP level 1. HP: 17/17 MP: 1/1
   386 | D:1      | Reached XP level 2. HP: 24/24 MP: 2/2
   800 | D:1      | Reached skill level 1 in Stealth
   825 | D:1      | Reached XP level 3. HP: 27/30 MP: 3/3
  1113 | D:2      | Found a glowing golden altar of the Shining One.
  1213 | D:2      | Reached XP level 4. HP: 18/37 MP: 4/4
  1222 | D:2      | Reached skill level 6 in Bows
  2214 | D:2      | Found a runed door.
  2218 | D:2      | Noticed Crazy Yiuf
  2225 | D:2      | Killed Crazy Yiuf
  2225 | D:2      | Reached XP level 5. HP: 42/45 MP: 5/5
  3460 | D:3      | Reached XP level 6. HP: 45/51 MP: 6/6
  4248 | D:4      | HP: 1/52 [orc wizard/dagger of electrocution (19)]
  4251 | D:4      | Killed from afar by an orc wizard

Skill      XL: |  1  2  3  4  5  6 |
---------------+-------------------+-----
Stealth        | 1 2 |  2.2
Dodging        | 2 |  2.9
Bows           | 6 |  6.9
Fighting       | 3 |  3.9

Action                   |  1- 3 |  4- 6 || total
-------------------------+-------+-------++-------
Melee: Short sword       |    65 |   128 ||   193
       Kick              |    11 |    48 ||    59
       Spear             |       |   135 ||   135
 Fire: Shortbow          |    53 |    34 ||    87
  Use: Scroll            |       |     6 ||     6
 Stab: Sleeping          |       |     4 ||     4
  Eat: Chunk             |       |     8 ||     8
Armor: Leather armour    |    33 |    93 ||   126
Dodge: Dodged            |    32 |   138 ||   170
